 Dungeon Crawl Stone Soup version 0.28-a0-206-gc2c9e32840 (webtiles) character file.

Game seed: 13767186503249118091

10 overdreamer the Slasher (level 2, -1/23 HPs)
             Began as a Gnoll Wanderer on Aug 20, 2021.
             Slain by a goblin (6 damage)
             ... on level 1 of the Dungeon.
             The game lasted 00:07:10 (1607 turns).

overdreamer the Slasher (Gnoll Wanderer)            Turns: 1607, Time: 00:07:10

Health: -1/23      AC:  2    Str: 13    XL:     2   Next: 20%
Magic:  7/7        EV: 11    Int:  9    God:
Gold:   31         SH:  0    Dex: 11    Spells: 9/10 levels left

rFire   . . .      SeeInvis .   a - +2 falchion
rCold   . . .      Faith    .   (no shield)
rNeg    . . .      Spirit   .   c - +0 robe
rPois   .          Reflect  .   (no helmet)
rElec   .          Harm     .   (no cloak)
rCorr   .          Rampage  .   (no gloves)
Will    .....                   (no boots)
Stlth   ++........              (no amulet)
HPRegen 0.07/turn               (no ring)
MPRegen 0.10/turn               (no ring)

@: no status effects
A: fangs 1, strong nose, distributed training
a: no special abilities


You were on level 1 of the Dungeon.
You visited 1 branch of the dungeon, and saw 1 of its levels.

You collected 31 gold pieces.

Inventory:

Hand Weapons
 a - a +2 falchion (weapon)
Armour
 c - a +0 robe (worn)
Scrolls
 b - a scroll of teleportation
 e - a scroll of immolation {unknown}
Potions
 d - a potion of degeneration {unknown}
 f - a potion of curing {unknown}


   Skills:
 + Level 2.4 Fighting
 + Level 0.3 Short Blades
 + Level 6.4 Long Blades
 + Level 0.3 Axes
 + Level 0.3 Maces & Flails
 + Level 0.3 Polearms
 + Level 0.3 Staves
 + Level 0.3 Slings
 + Level 0.3 Bows
 + Level 0.3 Crossbows
 + Level 2.4 Throwing
 + Level 0.3 Armour
 + Level 0.3 Dodging
 + Level 2.2 Stealth
 + Level 2.4 Shields
 + Level 0.3 Unarmed Combat
 + Level 4.9 Spellcasting
 + Level 2.0 Conjurations
 + Level 0.2 Hexes
 + Level 0.2 Summonings
 + Level 0.2 Necromancy
 + Level 0.2 Translocations
 + Level 0.2 Transmutations
 + Level 0.2 Fire Magic
 + Level 0.2 Ice Magic
 + Level 0.2 Air Magic
 + Level 0.2 Earth Magic
 + Level 0.2 Poison Magic
 + Level 0.4 Invocations
 + Level 0.3 Evocations


You had 9 spell levels left.
You knew the following spells:

 Your Spells              Type           Power      Damage    Failure   Level
a - Pain                  Necr           8%         1d4       22%         1

Your spell library contained the following spells:

 Spells                   Type           Power      Damage    Failure   Level
 Vampiric Draining        Necr           1%         2d6       56%         3


Dungeon Overview and Level Annotations

Branches:
Dungeon (1/15)

Altars:


Innate Abilities, Weirdness & Mutations

You have very sharp teeth.
Your uncanny sense of smell can sniff out nearby items.
Your experience applies equally to all skills.


Message History

The goblin is heavily wounded.
You hit the hobgoblin.
You kill the hobgoblin!
The goblin closely misses you.
The goblin hits you with a +2 dagger of speed.
You miss the goblin. Your bite misses the goblin.
The goblin is heavily wounded.
The endoplasm barely misses you.
You riposte.
You hit the endoplasm.
The endoplasm is lightly wounded.
The goblin hits you with a +2 dagger of speed.
You are too injured to fight recklessly!
A rat comes into view.
The ball python bites you but does no damage.
The ball python grabs you. The ball python constricts you.
The ball python's grasp on you weakens, but your attempt to escape fails.
The ball python closely misses you.
You riposte.
You hit the ball python. Your bite misses the ball python.
The ball python is moderately wounded.
The ball python constricts you.
You are too injured to fight recklessly!
You closely miss the ball python.
The ball python is moderately wounded.
The ball python barely misses you. The ball python constricts you.
You escape the ball python's grasp.
The ball python closely misses you. x2
There is a stone staircase leading down here.
The ball python misses you.
You riposte.
You closely miss the ball python. The ball python grabs you.
The ball python constricts you.
You escape the ball python's grasp.
The ball python bites you. The ball python grabs you.
The ball python constricts you.
You escape the ball python's grasp.
The goblin closely misses you.
There is an open door here.
You hit the goblin.
The goblin is severely wounded.
The goblin hits you with a +2 dagger of speed.
* * * LOW HITPOINT WARNING * * *
The goblin hits you with a +2 dagger of speed.
You die...

.. ########### ....
##≈°°≈°°°≈≈## #...#
#≈≈°§○§○○☼°≈# .....
#≈≈≈#§§°°#≈≈# ....#
#≈≈§☼○○○☼≈≈≈# ..#.#
#≈≈≈☼≈≈≈≈☼≈≈##.....
###############..##.. ∆
#.Sg@...<....'..####. #.
#J#############..#### #.#
#.#°°§○○°☼○°§≈##..# # ..
###.###J#°○○°○○☼§☼○☼###.##
#..........#°°°#☼○☼○#○☼#
#..#
#.####.#...#☼○§☼○○☼☼☼○≈#
##.##
#.#........##≈°§°○§§°§##
#...
#...........###########
###. #.................#
####


You could see an endoplasm, a goblin and a ball python.

Vanquished Creatures
  2 dart slugs (D:1)
  3 hobgoblins (D:1)
  A rat (D:1)
6 creatures vanquished.

Notes
Turn   | Place    | Note
-------+----------+-------------------------------------------
     0 | D:1      | overdreamer the Gnoll Wanderer began the quest for the Orb.
     0 | D:1      | overdreamer set off with the following items: a +2
                  | falchion, a scroll of teleportation, a +0 robe; and the
                  | following spell memorised: Pain; and the following spells
                  | available to memorise: Vampiric Draining
     0 | D:1      | Reached XP level 1. HP: 17/17 MP: 6/6
  1572 | D:1      | Reached XP level 2. HP: 15/23 MP: 7/7
  1607 | D:1      | Slain by a goblin

Illustrated notes

Levels and vault maps discovered:
D:1:      saegor_arrival_miasma, layout_rooms,
          hellmonk_ecumenical_altar_blasted, minmay_ruptured

Skill      XL: |  1 |
---------------+----+-----
Conjurations   | 2 |  2.0
Fighting       | |  2.4
Short Blades   | |  0.3
Long Blades    | |  6.4
Axes           | |  0.3
Maces & Flails | |  0.3
Polearms       | |  0.3
Staves         | |  0.3
Slings         | |  0.3
Bows           | |  0.3
Crossbows      | |  0.3
Throwing       | |  2.4
Armour         | |  0.3
Dodging        | |  0.3
Stealth        | |  2.2
Shields        | |  2.4
Unarmed Combat | |  0.3
Spellcasting   | |  4.9
Hexes          | |  0.2
Summonings     | |  0.2
Necromancy     | |  0.2
Translocations | |  0.2
Transmutations | |  0.2
Fire Magic     | |  0.2
Ice Magic      | |  0.2
Air Magic      | |  0.2
Earth Magic    | |  0.2
Poison Magic   | |  0.2
Invocations    | |  0.4
Evocations     | |  0.3

Action                   || total
-------------------------++-------
Melee: Falchion          ||    14
       Bite              ||     3
Armor: Robe              ||     1
Dodge: Dodged            ||    12
       Rpst.: Falchion   ||     5

Table legend: (Time is in decaauts)
 A = Elapsed time spent in this place.
 B = Non-inter-level travel time spent in this place.
 C = Inter-level travel time spent in this place.
 D = Time resting spent in this place.
 E = Time spent auto-exploring this place.
 F = Levels seen in this place.
 G = Mean time per level.
                   A        B        C        D        E       F      G
               +--------+--------+--------+--------+--------+-----+--------+
         Total |   1606 |   1480 |    126 |   1277 |      0 |   1 | 1606.0 |
       Dungeon |   1606 |   1480 |    126 |   1277 |      0 |   1 | 1606.0 |
               +--------+--------+--------+--------+--------+-----+--------+

Top non-repeatable levels by time:
     D:1: 1606 daAuts
